 Dungeon Crawl Stone Soup version 0.20.1-1-g8b1a95d (webtiles) character file.

812 Internecine the Bolt Thrower (level 7, -7/62 HPs)
             Began as a Deep Dwarf Hunter on Sept 29, 2017.
             Was a Follower of Makhleb.
             Mangled by a wight
             ... wielding a +2 great sword of electrocution
              (18 damage)
             ... on level 8 of the Dungeon.
             The game lasted 00:31:47 (4223 turns).

Internecine the Bolt Thrower (Deep Dwarf Hunter)    Turns: 4223, Time: 00:31:47

Health: -7/62      AC:  7    Str: 15    XL:     7   Next: 61%
Magic:  3/3        EV: 11    Int: 12    God:    Makhleb [*.....]
Gold:   271        SH:  0    Dex: 20    Spells: 6/6 levels left

rFire    . . .     SeeInvis .   B - +1 whip (venom)
rCold    . . .     Gourm    .   (no shield)
rNeg     . . .     Faith    .   y - +0 scale mail
rPois    .         Spirit   .   (no helmet)
rElec    .         Reflect  .   (no cloak)
rCorr    +         Harm     .   (no gloves)
MR       +....                  (no boots)
Stlth    +.........             r - amulet of rage
Regen    0.0/turn               u - ring of resist corrosion
MPRegen  0.1/turn               E - +5 ring of dexterity

@: non-regenerating, drained
A: damage resistance, heal wounds, sense surroundings 1, no regeneration
a: Heal Wounds, Renounce Religion, Evoke Berserk Rage


You were on level 8 of the Dungeon.
You worshipped Makhleb.
Makhleb was aware of your devotion.
You were not hungry.

You visited 1 branch of the dungeon, and saw 6 of its levels.

You collected 271 gold pieces.

Inventory:

Hand Weapons
 a - a +1 hand crossbow
 b - a +2 dagger of speed
 k - a +0 short sword
 B - a +1 whip of venom (weapon)
 H - a +0 long sword
 M - a +0 hand axe
 P - a +0 mace of crushing
 Q - a +0 short sword
 T - a +1 quarterstaff of crushing
Missiles
 d - 19 bolts
 e - 94 stones (quivered)
 g - 5 needles of confusion
 i - 94 arrows
 w - 10 sling bullets
 O - 3 curare-tipped needles
Armour
 y - a +0 scale mail (worn)
 J - a +0 chain mail
 R - a +0 plate armour
 S - a +0 buckler
Jewellery
 r - an amulet of rage (around neck)
 u - a ring of resist corrosion (left hand)
 E - a +5 ring of dexterity (right hand)
Wands
 c - a wand of lightning (2/15)
 D - a wand of confusion (21/48)
 L - a wand of flame (16/48)
Scrolls
 j - a scroll of random uselessness {unknown}
 l - 4 scrolls of identify {unknown}
 m - a scroll of enchant weapon {unknown}
 o - 3 scrolls of remove curse
 t - a scroll of amnesia {unknown}
 A - a scroll of teleportation {unknown}
 C - a scroll of recharging {unknown}
 G - a scroll of magic mapping {unknown}
 K - a scroll of blinking {unknown}
 N - a scroll of fear {unknown}
Potions
 h - a potion of resistance {unknown}
 n - 5 potions of haste {unknown}
 q - 3 potions of curing {unknown}
 s - a potion of heal wounds {unknown}
 v - 2 potions of cancellation {unknown}
 x - 2 potions of invisibility {unknown}
 z - a potion of brilliance {unknown}
 F - a potion of agility {unknown}
 I - a potion of lignification {unknown}
Comestibles
 f - 4 bread rations
 p - 7 chunks of flesh


   Skills:
 + Level 3.2(3.0) Fighting
 + Level 0.6(0.4) Short Blades
 + Level 3.5(3.2) Maces & Flails
 + Level 6.9(6.6) Crossbows
 + Level 0.6(0.4) Throwing
 + Level 4.0(3.7) Armour
 + Level 3.4(3.1) Dodging
 + Level 2.0(1.8) Stealth


You had 6 spell levels left.
You didn't know any spells.

Dungeon Overview and Level Annotations

Branches:
Dungeon (8/15)               Lair (0/6) D:8
 Temple: D:4-7

Altars:
Makhleb


Innate Abilities, Weirdness & Mutations

You are resistant to damage.
You can heal yourself by infusing magical energy.
You passively map a small area around you.
You do not regenerate.


Message History

A wight comes into view.
It is wielding a great sword of electrocution.
Throwing (i - inventory):
e - 97 stones (quivered)
Press: ? - help, Shift-Dir - straight line, f - wight
Aim: a wight, wielding a great sword of electrocution and wearing a robe You throw a stone.
The stone barely misses the wight.
Throwing (i - inventory):
e - 96 stones (quivered)
Press: ? - help, Shift-Dir - straight line, f/p - wight
Aim: a wight, wielding a great sword of electrocution and wearing a robe You throw a stone.
The stone hits the wight but does no damage.
Throwing (i - inventory):
e - 95 stones (quivered)
Press: ? - help, Shift-Dir - straight line, f/p - wight
Aim: a wight, wielding a great sword of electrocution and wearing a robe You throw a stone.
The stone barely misses the wight.
You hit the wight.
The wight is lightly damaged.
The wight hits you with a great sword of electrocution.
* * * LOW HITPOINT WARNING * * *
You feel drained.
You are electrocuted!
You die...

###* . * #.. ,.######*
#.# ..... , , #<#
####.### , #.#
###..P...###
#########.###.....P..P.#
,
..........##P......P....
.!....z@......PP....PP..
.#.#..####..PPP.P.P..P..
#( *#..P.P.####..P. , ,
.(* * *#...P..#..'..P. *
(. ,**##.....#>.#P.P. ,
* ##* #.PP†P####.P.P *
#.P(P.P.P..... ,
##P...P....P..
#P...P..P...P


You could see a wight.

Vanquished Creatures
  2 porcupines (D:8)
  An orc warrior (D:8)
  A bullfrog (D:8)
  2 scorpions
  An orc priest (D:5)
  A hound (D:3)
  An iguana (D:4)
  Jessica (D:2)
  2 orc wizards (D:4)
  2 worker ants
  A hound skeleton (D:8)
  2 gnolls (D:2)
  2 adders
  A shadow imp (D:5)
  2 oozes
  2 worms
  2 dart slugs
  2 leopard geckos
  9 orcs
  A ball python (D:3)
  6 bats
  3 giant cockroaches
  6 goblins
  6 hobgoblins
  3 jackals (D:1)
  4 kobolds
  6 quokkas
  5 frilled lizards
  8 rats
85 creatures vanquished.

Vanquished Creatures (others)
  2 fungi (D:8)
2 creatures vanquished.

Grand Total: 87 creatures vanquished

Notes
Turn   | Place    | Note
-------+----------+-------------------------------------------
     0 | D:1      | Internecine the Deep Dwarf Hunter began the quest for the Orb.
     0 | D:1      | Reached XP level 1. HP: 19/19 MP: 1/1
   108 | D:1      | Reached XP level 2. HP: 26/26 MP: 2/2
   484 | D:1      | Reached skill level 5 in Crossbows
   914 | D:2      | Reached XP level 3. HP: 29/32 MP: 3/3
  1329 | D:2      | Reached XP level 4. HP: 32/39 MP: 3/3
  1809 | D:2      | Noticed Jessica
  1812 | D:2      | Killed Jessica
  1812 | D:2      | Reached skill level 1 in Armour
  2544 | D:3      | Found a faded altar of an unknown god.
  2626 | D:3      | Found a burning altar of Makhleb.
  2635 | D:3      | Reached XP level 5. HP: 28/46 MP: 4/4
  2648 | D:3      | Became a worshipper of Makhleb the Destroyer
  2760 | D:3      | Reached skill level 6 in Crossbows
  3316 | D:4      | Reached XP level 6. HP: 34/55 MP: 5/5
  3482 | D:4      | Reached skill level 1 in Maces & Flails
  4028 | D:5      | Entered Level 5 of the Dungeon
  4062 | D:5      | Reached * piety under Makhleb
  4109 | D:5      | You fall through a shaft for 3 floors!
  4109 | D:8      | Noticed a porcupine
  4109 | D:8      | Noticed a porcupine
  4121 | D:8      | Killed a porcupine
  4121 | D:8      | Reached XP level 7. HP: 37/62 MP: 5/5
  4160 | D:8      | Found a staircase to the Lair.
  4182 | D:8      | HP: 3/62 [porcupine (5)]
  4223 | D:8      | Mangled by a wight

Skill      XL: |  1  2  3  4  5  6  7 |
---------------+----------------------+-----
Fighting       | 2 3 |  3.2
Crossbows      | 5 6 |  6.9
Armour         | 1 2 3 4 |  4.0
Dodging        | 3 |  3.4
Stealth        | 2 |  2.0
Maces & Flails | 2 3 |  3.5
Short Blades   | |  0.6
Throwing       | |  0.6

Action                   |  1- 3 |  4- 6 |  7- 9 || total
-------------------------+-------+-------+-------++-------
Melee: Short sword       |     9 |    65 |       ||    74
       Whip              |       |    69 |    37 ||   106
       Dagger            |       |     6 |       ||     6
 Fire: Hand crossbow     |    73 |    54 |       ||   127
Throw: Stone             |       |    13 |     4 ||    17
 Abil: Heal Wounds       |     1 |     2 |     4 ||     7
  Use: Scroll            |       |     1 |       ||     1
  Eat: Chunk             |     1 |     8 |       ||     9
       Meat ration       |       |     1 |       ||     1
Armor: Leather armour    |     4 |     6 |       ||    10
       Scale mail        |       |    18 |     9 ||    27
Dodge: Dodged            |    16 |    52 |    21 ||    89
